 Dungeon Crawl Stone Soup version 0.32-a0-953-g508020473e (webtiles) character file.

Game seed: 13651954901013996738

130 DEFE the Cudgeller (level 5, -3/61 HPs)
             Began as a Coglin Fighter on Apr 16, 2024.
             Slain by a gnoll
             ... wielding a +0 spear
              (6 damage)
             ... on level 3 of the Dungeon.
             The game lasted 00:02:35 (1820 turns).

DEFE the Cudgeller (Coglin Fighter)                 Turns: 1820, Time: 00:02:36

Health: -3/61      AC: 22    Str: 16    XL:     5   Next: 13%
Magic:  5/5        EV:  2    Int:  7    God:
Gold:   211        SH:  0    Dex: 14    Spells: 4/4 levels left

rFire   + . .        o - +1 dagger (venom) {Dietrich}
rCold   + . .        g - +0 hand axe {Mariya}
rNeg    . . .        l - melded +3 leather armour
rPois   +            k - melded +2 hat
rElec   +            (cloak currently unavailable)
rCorr   +            (gloves currently unavailable)
SInv    .            (boots currently unavailable)
Will    .....        (amulet unavailable)
Stlth   +            (ring unavailable)
HPRegen 0.30/turn    (ring unavailable)
MPRegen 0.09/turn    (no gizmo)

%: clarity
@: tree-form (expiring), resistant
A: stationary, stasis, torment immunity, boosted hp, off-hand wielding, slow
wielding, warmup strikes, no jewellery, clarity, weak 1
a: Invent Gizmo


You were on level 3 of the Dungeon.
You were a tree.
You visited 1 branch of the dungeon, and saw 3 of its levels.

You collected 211 gold pieces.

Inventory:

Hand Weapons
 a - a +0 flail {Xiuying}
 g - a +0 hand axe (offhand) {Mariya}
 o - a +1 dagger of venom (weapon) {Dietrich}
Missiles
 u - a throwing net (quivered)
Armour
 b - a +0 scale mail
 c - a +0 buckler
 k - a +2 hat (melded)
 l - a +3 leather armour (melded)
 m - a +0 plate armour
Scrolls
 h - 2 scrolls of amnesia {unknown}
 i - 2 scrolls of identify {unknown}
 q - a scroll of fog {unknown}
 r - a scroll of immolation {unknown}
 s - 2 scrolls of poison {unknown}
 v - a scroll of revelation {unknown}
Potions
 d - 2 potions of might
 n - a potion of attraction {unknown}
 p - 2 potions of invisibility
 t - a potion of brilliance {unknown}


   Skills:
 - Level 3.0 Fighting
 + Level 3.2(4.1) Axes
 - Level 3.4(4.0) Maces & Flails
 - Level 2.6 Armour
 - Level 2.1 Shields


You had 4 spell levels left.
You didn't know any spells.
Your spell library was empty.

Dungeon Overview and Level Annotations

Branches:
Dungeon (3/15)

Altars:
Fedhas
Sif Muna
The Shining One


Innate Abilities, Weirdness & Mutations

You are a tree.
Your roots penetrate the ground, keeping you stationary.
You cannot be teleported.
You are immune to unholy pain and torment.
Your maximum health is greatly increased.
Your equipment is partially melded.
You can wield a second weapon in your off-hand.
It takes a long time for you to wield or remove held weapons.
Your first few attacks do less damage.
You cannot equip rings or amulets.
You possess an exceptional clarity of mind.
You are weak. (Str -2)


Message History

It was a potion of resistance.
You feel protected. The gnoll hits you but does no damage.
Okay, then.
Okay, then.
Unknown command.
It was a potion of invisibility.
You fade into invisibility!
The gnoll hits you but does no damage. The gnoll hits you but does no damage.
The gnoll hits you but does no damage. The gnoll hits you but does no damage.
The gnoll hits you but does no damage. The gnoll barely misses you.
The gnoll hits you but does no damage. The gnoll hits you but does no damage.
The gnoll hits you but does no damage. The gnoll hits you but does no damage.
The gnoll hits you from afar with a +0 spear.
* * * LOW HITPOINT WARNING * * *
You flicker for a moment.
The gnoll hits you but does no damage. The gnoll hits you but does no damage.
The gnoll hits you but does no damage.
The gnoll hits you from afar with a +0 spear.
* * * LOW HITPOINT WARNING * * *
The gnoll hits you from afar with a +0 spear.
* * * LOW HITPOINT WARNING * * *
The gnoll hits you but does no damage.
You flicker back into view.
The gnoll hits you but does no damage.
Your transformation is almost over.
The gnoll hits you but does no damage. The gnoll hits you but does no damage.
You cannot move.
Unknown command.
The gnoll hits you from afar with a +0 spear.
* * * LOW HITPOINT WARNING * * *
The gnoll hits you from afar with a +0 spear.
You die...

#### ############...##
#...#............
##.#.....$........#
#.##.##............ ###
#..........)..[.... ..#
#.##.##..†.♣.g# #(##
#..#.#......).#
...###.#...#.......#
..........#####.##.#
...###.#### #.# ..#
#.## #.# #####.. ...#
#.####.# ........ ...#
#.##...###.#.###......#
..##.#...<.#.###


You could see a gnoll.

Vanquished Creatures
  6 gnolls (D:3)
  An adder (D:3)
  3 dart slugs
  An orc (D:3)
  4 ball pythons
  4 bats
  6 endoplasms
  2 giant cockroaches (D:1)
  6 goblins
  4 hobgoblins
  6 kobolds
  4 quokkas
  4 frilled lizards
  6 rats
57 creatures vanquished.

Notes
Turn   | Place    | Note
-------+----------+-------------------------------------------
     0 | D:1      | DEFE the Coglin Fighter began the quest for the Orb.
     0 | D:1      | Reached XP level 1. HP: 18/18 MP: 1/1
   167 | D:1      | Reached XP level 2. HP: 24/24 MP: 2/2
   419 | D:1      | Reached XP level 3. HP: 29/29 MP: 3/3
   739 | D:2      | Found a blossoming altar of Fedhas.
  1466 | D:3      | Reached skill level 1 in Axes
  1468 | D:3      | Reached XP level 4. HP: 24/35 MP: 4/4
  1592 | D:3      | Found a shimmering blue altar of Sif Muna.
  1736 | D:3      | Found a glowing golden altar of the Shining One.
  1795 | D:3      | Reached XP level 5. HP: 10/41 MP: 5/5
  1797 | D:3      | Gained mutation: You are weak. (Str -2) [potion of
                  | mutation]
  1797 | D:3      | Gained mutation: You possess an exceptional clarity of
                  | mind. [potion of mutation]
  1819 | D:3      | HP: 3/61 [gnoll/+0 spear (3)]
  1820 | D:3      | Slain by a gnoll

Illustrated notes

Levels and vault maps discovered:
D:1:      dpeg_arrival_solitude, layout_basic
D:2:      layout_basic, basic_altar, kennysheep_another_room
D:3:      layout_loops_ring, hellmonk_sif_muna_bookshelves,
          mainiacjoe_overflow_cross_hatched, minivault_27

Skill      XL: |  1  2  3  4 |
---------------+-------------+-----
Maces & Flails | 2 3 |  3.4
Axes           | 1 3 |  3.2
Fighting       | |  3.0
Armour         | |  2.6
Shields        | |  2.1

Action                     |  1- 3 |  4- 6 || total
---------------------------+-------+-------++-------
  Melee: Flail             |    73 |       ||    73
         Hand axe          |    32 |    27 ||    59
         Dagger            |    12 |    23 ||    35
    Use: Potion            |       |     4 ||     4
 Armour: Scale mail        |    63 |       ||    63
         Leather armour    |     9 |    18 ||    27
         Skin              |       |    28 ||    28
  Dodge: Dodged            |    44 |    18 ||    62
  Block: Buckler           |    10 |       ||    10

Table legend: (Time is in decaauts)
 A = Elapsed time spent in this place.
 B = Non-inter-level travel time spent in this place.
 C = Inter-level travel time spent in this place.
 D = Time resting spent in this place.
 E = Time spent auto-exploring this place.
 F = Levels seen in this place.
 G = Mean time per level.
                   A        B        C        D        E       F      G
               +--------+--------+--------+--------+--------+-----+--------+
         Total |   1843 |   1820 |     23 |    123 |   1277 |   3 |  614.3 |
       Dungeon |   1843 |   1820 |     23 |    123 |   1277 |   3 |  614.3 |
               +--------+--------+--------+--------+--------+-----+--------+

Top non-repeatable levels by time:
     D:1: 758 daAuts
     D:2: 641 daAuts
     D:3: 443 daAuts
